 Dungeon Crawl Stone Soup version 0.31.0-9-g3a7656b989 (webtiles) character file.

Game seed: 1120423848201730862

215781 Amplified the Warrior (level 17, -8/238 HPs)
             Began as a Black Draconian Berserker on Feb 3, 2024.
             Was an Elder of Trog.
             Killed from afar by Mara (illusionary) (23 damage)
             ... with a bolt of fire
             ... on level 3 of the Snake Pit.
             The game lasted 01:03:03 (27072 turns).

Amplified the Warrior (Black Draconian Berserker)  Turns: 27072, Time: 01:03:03

Health: -8/238     AC: 13    Str: 22    XL:     17   Next: 72%
Magic:  17/17      EV: 20    Int:  7    God:    Trog [****..]
Gold:   832        SH: 20    Dex: 17    Spells: 16/16 levels left

rFire   + . .        i - +9 broad axe (heavy)
rCold   . . .        v - +2 tower shield
rNeg    . . .        (body armour unavailable)
rPois   +            (helmet restricted)
rElec   +            X - scarf {repulsion}
rCorr   +            h - +0 pair of gloves
SInv    .            P - +2 pair of boots
Will    +....        x - amulet "Lodyifeo" {Faith rPois} Stlth
                     H - +5 ring of evasion
HPRegen 0.59/turn    G - ring of Egalitarianism {rF+ rCorr}
MPRegen 0.15/turn

%: repel missiles, faith
@: mighty, berserking, flying, very quick
A: breathe lightning, AC +9, unfitting armour, big wings, electricity
resistance, cold-blooded
}: 1/15 runes: serpentine
a: Breathe Lightning, Renounce Religion, Berserk, Trog's Hand, Brothers in Arms


You were on level 3 of the Snake Pit.
You worshipped Trog.
Trog was greatly pleased with you.
You visited 4 branches of the dungeon, and saw 26 of its levels.
You also visited: Bailey and Ice Cave.

You collected 3985 gold pieces.
You spent 3153 gold pieces at shops.

Inventory:

Hand Weapons
 b - the +3 trident "Xootul" {heavy, Will+ Int+3}
   (You bought it in a shop on level 3 of the Dungeon)

   Int+3:     It affects your intelligence (+3).
   Will+:     It increases your willpower.
 i - a +9 heavy broad axe (weapon)
Missiles
 e - 63 poisoned darts
 j - 5 curare-tipped darts
Armour
 h - a +0 pair of gloves (worn)
 v - a +2 tower shield (worn)
 P - a +2 pair of boots (worn)
 S - a +2 kite shield
 X - a scarf of repulsion (worn)
Jewellery
 a - a ring of positive energy
 x - the amulet "Lodyifeo" (around neck) {Faith rPois}
   (You found it in an ice cave)

   [amulet of faith]

   Faith:     It allows you to gain divine favour quickly.
   rPois:     It protects you from poison
 z - a ring of resist corrosion
 F - the ring of the Dropbear {rC+ rN+ Str+4 Stlth-}
   (You bought it in a shop on level 3 of the Snake Pit)

   [ring of protection from cold]

   Str+4:     It affects your strength (+4).
   rC+:       It protects you from cold.
   rN+:       It protects you from negative energy.
   Stlth-:    It makes you less stealthy.
 G - the ring of Egalitarianism (right hand) {rF+ rCorr}
   (You bought it in a shop on level 10 of the Dungeon)

   [ring of protection from fire]

   rF+:       It protects you from fire.
   rCorr:     It protects you from acid and corrosion.
 H - a +5 ring of evasion (left hand)
 J - a ring of protection from cold
 V - a ring of protection from fire
 W - the ring of Nemelex Xobeh's Envy {Fly rC+ Str+3 Int-4}
   (You found it on level 3 of the Lair of Beasts)

   [ring of flight]

   Str+3:     It affects your strength (+3).
   Int-4:     It affects your intelligence (-4).
   rC+:       It protects you from cold.
   Fly:       It grants you flight.
 Z - a +4 ring of slaying
Talismans
 n - a maw talisman
Wands
 p - a wand of charming (24)
 u - a wand of polymorph (12)
 w - a wand of iceblast (24)
 A - a wand of mindburst (6)
 B - a wand of flame (15)
 N - a wand of digging (3)
Scrolls
 c - 4 scrolls of teleportation
 f - a scroll of poison
 m - 3 scrolls of torment
 q - 5 scrolls of blinking
 r - 2 scrolls of brand weapon
 s - a scroll of fear
 t - 4 scrolls of identify
 y - 2 scrolls of immolation
 O - a scroll of summoning
 T - 4 scrolls of fog
Potions
 d - 2 potions of cancellation
 g - a potion of mutation
 k - 4 potions of curing
 l - 4 potions of magic
 o - a potion of berserk rage
 D - 2 potions of enlightenment
 I - a potion of resistance
 L - 2 potions of haste
 M - 4 potions of brilliance
 Q - 2 potions of heal wounds
 Y - a potion of lignification
Miscellaneous
 E - a tin of tremorstones (inert)
 U - a phial of floods


   Skills:
 * Level 16.5 Fighting
 - Level 16.0(18.3) Axes
 - Level 14.8(17.7) Polearms
 - Level 6.7 Throwing
 * Level 8.6 Dodging
 - Level 7.5 Stealth
 * Level 11.9 Shields
 * Level 5.5 Shapeshifting


You had 16 spell levels left.
You didn't know any spells.
Your spell library was empty.

Dungeon Overview and Level Annotations

Branches:
Dungeon (15/15)            Temple (0/1) D:4            Lair (5/5) D:11
  Swamp (0/4) Lair:2        Snake (4/4) Lair:2        Slime (0/5) Lair:5
    Orc (2/2) D:12            Elf (0/3) Orc:2        Vaults (0/5) D:14
 Depths (0/4) D:15         Bailey (visited)           IceCv (visited)

Altars:
Cheibriados
Dithmenos
Fedhas
Gozag
Hepliaklqana
Kikubaaqudgha
Nemelex Xobeh
Okawaru
Wu Jian
Xom
The Shining One
Jiyva

Shops:
D:3 (   D:9 [   D:10 =   Orc:2 ([((?   Snake:3 ::=

Annotations:
Snake:3 Mara


Innate Abilities, Weirdness & Mutations

You can breathe wild blasts of lightning.
Your glossy black scales are hard. (AC +9)
You cannot fit into any form of body armour.
Your large and strong wings let you fly.
You are resistant to electric shocks. (rElec)
You are cold-blooded and may be slowed by cold attacks.


Message History

Amplified's illusion is severely wounded.
You block Amplified's illusion's attack.
You chop Amplified's illusion into pieces!!!
Your tail-slap misses Amplified's illusion.
Amplified's illusion is almost dead.
Amplified's illusion hits you!
You slash Amplified's illusion!
You kill Amplified's illusion!
Amplified's illusion shimmers and vanishes!
You open Mara like a pillowcase!!!
Your tail-slap misses Mara.
Mara is severely wounded.
Mara gestures at you.
There is a horrible, sudden wrenching feeling in your soul!
You slice Mara!!
Mara is almost dead.
Mara hits you with a +0 demon trident of electrocution.
You closely miss Mara.
Mara is almost dead.
Mara hits you with a +0 demon trident of electrocution!!
* * * LOW HITPOINT WARNING * * *
You block Mara's attack.
You hit Mara.
You kill Mara!
Mara shimmers and vanishes!
A red film seems to cover your vision as you go berserk!
You feel yourself moving faster!
You feel mighty!
Mara hits you with a +0 demon trident of electrocution!!
* * * LOW HITPOINT WARNING * * *
You closely miss Mara. You tail-slap Mara!
Mara is lightly wounded.
Mara hits you with a +0 demon trident of electrocution!
* * * LOW HITPOINT WARNING * * *
Unknown command.
You barely miss Mara.
Mara is lightly wounded.
You closely miss Mara. You tail-slap Mara.
Mara is lightly wounded.
Mara gestures at you. The bolt of fire hits you!! You resist.
You die...

#.................#######........
##.................R.............
##..............................
#..............R...............
#.........##.R..R..............
##........###@###.....#...##...
###.... ##.####..###.#####. #####
##R###### ### ## ##@#.# #[###.#
#.## #.# #.# #.# #.# #.# #.# ##
#.# ##


You could see Mara.

Vanquished Creatures
  Vashnia (Snake:3)
  A quicksilver dragon (Snake:4)
  Kirke (D:13)
  4 nagarajas
  A fire dragon (Lair:5)
  Fannar (Lair:3)
  A rakshasa (D:15)
  5 salamander tyrants (Snake:4)
  7 vault guards (D:14)
  4 ogre magi (Orc:2)
  3 hydras
  Erica (D:8)
  3 centaur warriors (D:13)
  6 boulder beetles
  6 anacondas
  12 two-headed ogres
  A dancing weapon (Lair:3)
  7 naga warriors
  A hell hog (Lair:5)
  A death knight (D:12)
  An occultist (D:15)
  2 shock serpents
  13 naga sharpshooters
  3 salamander mystics (Snake:4)
  9 skeletal warriors
  A fire crab (D:11)
  9 mana vipers
  An arcanist (D:15)
  5 naga ritualists
  A necromancer (D:15)
  Pikel (D:8)
  2 swamp dragons
  2 orc knights
  3 orc sorcerers
  11 ugly things
  8 salamanders
  A deep elf pyromancer (D:14)
  8 manticores
  3 meliai (D:15)
  6 cyclopes
  10 naga magi
  32 black mambas
  6 guardian serpents
  16 elephants
  A black mamba (shapeshifter) (D:15)
  2 ice statues (IceCv)
  2 centaur zombies (D:15)
  8 cane toads
  Jeremiah (D:7)
  2 unseen horrors
  9 rime drakes
  12 komodo dragons
  A centaur skeleton (D:15)
  A queen bee (Lair:3)
  3 trolls
  13 polar bears
  2 hornets
  6 dream sheep (Lair:4)
  A meliai zombie (D:15)
  4 blink frogs (Lair:1)
  5 raiju (Lair:5)
  Prince Ribbit (D:7)
  3 slime creatures (D:14)
  3 shadows
  2 wraiths (D:12)
  3 hogs (D:13)
  43 yaks
  6 wyverns
  Grum (D:10)
  4 wargs (Lair:5)
  2 basilisks
  8 vampire mosquitoes
  30 nagas
  5 acid dragons
  11 hell hounds (Lair:5)
  18 water moccasins
  A meliai simulacrum (D:14)
  A swamp drake (Lair:5)
  2 sky beasts
  15 black bears
  4 laughing skulls
  18 orc warriors
  20 ogres
  17 centaurs
  31 wolves
  3 lemures (D:8)
  2 phantoms
  5 kobold brigands
  8 bullfrogs
  5 scorpions
  2 gnoll sergeants
  A burial acolyte (D:12)
  34 killer bees
  4 lindwurm simulacra (IceCv)
  4 howler monkeys
  An electric eel (D:14)
  2 bombardier beetles
  6 komodo dragon simulacra (IceCv)
  12 orc priests
  A gnoll bouda (D:6)
  A hound (D:6)
  9 iguanas
  3 sleepcaps
  26 orc wizards
  Terence (D:3)
  A boggart skeleton (D:15)
  5 acid dragon simulacra (IceCv)
  18 gnolls
  7 adders
  A river rat (Lair:3)
  A shadow imp (D:6)
  12 white imps
  2 ufetubi (D:5)
  4 steam dragon simulacra (IceCv)
  An adder zombie (D:12)
  3 dart slugs
  80 orcs
  4 endoplasms
  2 giant cockroaches
  11 goblins
  9 hobgoblins
  2 jackals (D:4)
  6 quokkas
  5 ball pythons
  A bat (D:1)
  A frilled lizard (D:3)
  3 jackal zombies (D:12)
  30 kobolds
  8 rats
  A butterfly (Lair:2)
891 creatures vanquished.

Vanquished Creatures (collateral kills)
  Jorgrun (Orc:2)
  The ghost of sm0rk the Skirmisher, a journeyman TeAE of Fedhas (Lair:3)
  A centaur warrior (D:14)
  A phantasmal warrior (D:12)
  A lindwurm (Lair:5)
  An orc knight (Bailey)
  A manticore (D:14)
  A komodo dragon (Lair:5)
  A wyvern (D:9)
  A warg (Orc:2)
  An acid dragon (Lair:5)
  2 orc wizards (Orc:2)
  An acid dragon simulacrum (IceCv)
  A steam dragon simulacrum (IceCv)
15 creatures vanquished.

Vanquished Creatures (others)
  An occultist (D:15)
  A naga mage (Snake:4)
  A rime drake (IceCv)
  A hell hound (Lair:5)
  A white imp (D:13)
5 creatures vanquished.

Grand Total: 911 creatures vanquished

Notes
Turn   | Place    | Note
-------+----------+-------------------------------------------
     0 | D:1      | Amplified the Draconian Berserker began the quest for the
                  | Orb.
     0 | D:1      | Reached XP level 1. HP: 19/19 MP: 1/1
   194 | D:1      | Reached XP level 2. HP: 26/26 MP: 2/2
   344 | D:1      | Reached skill level 1 in Stealth
   687 | D:2      | Reached XP level 3. HP: 18/33 MP: 3/3
   855 | D:2      | Reached ** piety under Trog
  1567 | D:3      | Found Riskynlec's Antique Weapon Shoppe.
  1661 | D:3      | Reached XP level 4. HP: 11/40 MP: 4/4
  1929 | D:3      | Noticed Terence
  1939 | D:3      | Killed Terence
  1940 | D:3      | Reached skill level 1 in Throwing
  2270 | D:4      | Noticed an ogre
  2276 | D:4      | Killed an ogre
  2277 | D:4      | Reached XP level 5. HP: 46/46 MP: 5/5
  2526 | D:4      | Reached XP level 6. HP: 36/53 MP: 6/6
  2830 | D:4      | Found a staircase to the Ecumenical Temple.
  3444 | D:3      | Bought a transparent trident for 195 gold pieces
  3444 | D:3      | Identified the +3 trident "Xootul" {heavy, Will+ Int+3}
                  | (You bought it in a shop on level 3 of the Dungeon)
  3485 | D:5      | Entered Level 5 of the Dungeon
  3495 | D:5      | Reached skill level 5 in Fighting
  3495 | D:5      | Your scales start taking on a glossy black colour.
  3495 | D:5      | Reached XP level 7. HP: 43/61 MP: 7/7
  3495 | D:5      | Gained mutation: You are resistant to electric shocks.
                  | (rElec) [Black Draconian growth]
  3599 | D:5      | Reached skill level 1 in Polearms
  3706 | D:5      | Reached *** piety under Trog
  4269 | D:5      | Reached XP level 8. HP: 45/69 MP: 8/8
  4382 | D:5      | Found an ancient bone altar of Kikubaaqudgha.
  4383 | D:5      | Found a shadowy altar of Dithmenos.
  4387 | D:5      | Found a snail-covered altar of Cheibriados.
  4388 | D:5      | Found a sparkling altar of Nemelex Xobeh.
  4929 | D:6      | Noticed a hornet
  4949 | D:6      | Reached skill level 5 in Dodging
  4982 | D:6      | Paralysed by a hornet for 3 turns
  4985 | D:6      | Killed a hornet
  5052 | D:6      | Found a glowing golden altar of the Shining One.
  5367 | D:6      | Found a blossoming altar of Fedhas.
  5406 | D:6      | Reached skill level 5 in Stealth
  5752 | D:7      | Noticed Jeremiah
  5773 | D:7      | Identified the +6 spear "Fel Loek" {freeze, rF+ Dex+3}
  5793 | D:7      | Reached XP level 9. HP: 78/78 MP: 9/9
  5903 | D:7      | Noticed Prince Ribbit
  5954 | D:7      | Killed Prince Ribbit
  5955 | D:7      | Reached skill level 5 in Throwing
  6197 | D:7      | Found an ornate altar of the Wu Jian Council.
  6197 | D:7      | Found a hazy altar of Hepliaklqana.
  6219 | D:7      | Killed Jeremiah
  6220 | D:7      | Reached skill level 5 in Polearms
  6702 | D:8      | Reached XP level 10. HP: 58/88 MP: 10/10
  6817 | D:8      | Reached **** piety under Trog
  6823 | D:8      | Noticed Maggie
  6825 | D:8      | Maggie changed into Maggie the acid dragon
  6825 | D:8      | Noticed Maggie
  6835 | D:8      | Killed Maggie the acid dragon
  6933 | D:8      | Noticed Erica
  6941 | D:8      | Killed Erica
  6960 | D:8      | Noticed Pikel
  7280 | D:8      | Killed Pikel
  7470 | D:5      | Identified a scroll of acquirement
  7470 | D:5      | Acquired 955 gold pieces
  7804 | D:9      | Found Mohyprask's Antique Armour Boutique.
  7814 | D:9      | Bought a glowing scarf for 240 gold pieces
  7970 | D:10     | Entered Level 10 of the Dungeon
  8075 | D:10     | Found an opulent altar of Gozag.
  8075 | D:10     | Found an iron altar of Okawaru.
  8119 | D:10     | Found Guenk's Jewellery Emporium.
  8125 | D:10     | Bought the ring of Egalitarianism {rF+ rCorr} for 564 gold
                  | pieces
  8162 | D:10     | Bought a +5 ring of evasion for 540 gold pieces
  8176 | D:10     | Found a flagged portal.
  8186 | Bailey   | Entered a bailey
  8204 | Bailey   | Reached XP level 11. HP: 92/97 MP: 11/11
  8319 | Bailey   | Noticed an orc knight
  8339 | Bailey   | Killed an orc knight
  8432 | Bailey   | Noticed an orc knight
  8452 | Bailey   | Killed an orc knight
  8760 | D:10     | Noticed Grum
  8762 | D:10     | Reached ***** piety under Trog
  8773 | D:10     | Killed Grum
  8842 | D:10     | Found a shimmering altar of Xom.
  9210 | D:11     | Reached skill level 10 in Fighting
  9323 | D:11     | Found a staircase to the Lair.
  9323 | D:11     | Noticed a fire crab
  9338 | D:11     | Killed a fire crab
  9816 | D:11     | Identified the +0 robe "Kuabarri" {Harm Str+4 Dex-4 Slay+2}
  9942 | D:11     | Reached skill level 10 in Polearms
 10559 | D:12     | Found a staircase to the Orcish Mines.
 10675 | D:12     | Noticed a two-headed ogre
 10683 | D:12     | Killed a two-headed ogre
 10891 | D:12     | Noticed a skeletal warrior
 10892 | D:12     | Noticed a death knight
 10892 | D:12     | Noticed a phantasmal warrior
 10900 | D:12     | You fall into a shaft and drop 2 floors!
 10906 | D:14     | Noticed a red ugly thing
 10907 | D:14     | Noticed a red ugly thing
 10923 | D:14     | Noticed a red ugly thing
 10930 | D:14     | Killed a cyan ugly thing
 10931 | D:14     | Reached XP level 12. HP: 110/110 MP: 12/12
 11076 | D:14     | Noticed a centaur warrior
 11085 | D:14     | Killed a centaur warrior
 11351 | D:13     | Noticed a centaur warrior
 11418 | D:14     | Noticed a four-headed hydra
 11426 | D:14     | Killed a four-headed hydra
 11433 | D:14     | Noticed a vault guard
 11442 | D:14     | Noticed a vault guard
 11452 | D:14     | Found a sparkling altar of Nemelex Xobeh.
 11470 | D:14     | Killed a vault guard
 11481 | D:14     | Noticed a vault guard
 11482 | D:14     | Found a gate to the Vaults.
 11485 | D:14     | Noticed a vault guard
 11505 | D:14     | Killed a vault guard
 11509 | D:14     | Killed a vault guard
 11512 | D:14     | Noticed a vault guard
 11672 | D:13     | Noticed a centaur warrior
 11685 | D:13     | Noticed a centaur warrior
 11698 | D:13     | Killed a centaur warrior
 11819 | D:13     | Killed a centaur warrior
 11877 | D:13     | Killed a centaur warrior
 11933 | D:13     | Found a frozen archway.
 11941 | D:13     | Noticed Kirke
 11955 | IceCv    | Entered an ice cave
 12381 | IceCv    | Noticed an ice dragon
 12402 | IceCv    | Reached XP level 13. HP: 95/119 MP: 13/13
 12591 | IceCv    | Identified the amulet "Lodyifeo" {Faith rPois}
 12688 | D:13     | Killed Kirke
 13174 | D:12     | Found an ancient bone altar of Kikubaaqudgha.
 13609 | Lair:1   | Entered Level 1 of the Lair of Beasts
 14443 | Lair:5   | Entered Level 5 of the Lair of Beasts
 14443 | Lair:5   | Found a staircase to the Slime Pits.
 14443 | Lair:5   | Found a viscous altar of Jiyva.
 14629 | Lair:5   | Reached skill level 1 in Shields
 14641 | Lair:5   | Reached skill level 5 in Axes
 14646 | Lair:5   | Reached skill level 1 in Shapeshifting
 14875 | Lair:5   | Received a gift from Trog
 15217 | Lair:5   | Gained mutation: Your large and strong wings let you fly.
                  | [Black Draconian growth]
 15217 | Lair:5   | Reached XP level 14. HP: 59/132 MP: 14/14
 15770 | Lair:5   | Got an earthy gem with 1450 turns to spare
 16183 | Lair:4   | Reached skill level 5 in Shields
 16330 | Lair:4   | Reached XP level 15. HP: 138/138 MP: 15/15
 17261 | Lair:3   | Reached skill level 10 in Axes
 17449 | Lair:3   | Noticed Fannar
 17458 | Lair:3   | Killed Fannar
 17477 | Lair:3   | Found a runed translucent door.
 17477 | Lair:3   | Found a shimmering altar of Xom.
 17477 | Lair:3   | Noticed sm0rk's ghost (journeyman TeAE)
 17559 | Lair:3   | Identified the ring of Nemelex Xobeh's Envy {Fly rC+ Str+3
                  | Int-4}
 17564 | Lair:3   | Identified the +8 great mace of Wemnassewos {antimagic,
                  | rF+++ rN+ Will+ rCorr} (Trog gifted it to you on level 3 of
                  | the Lair of Beasts)
 17564 | Lair:3   | Received a gift from Trog
 17749 | Lair:3   | Received a gift from Trog
 18318 | Lair:3   | Killed sm0rk's ghost
 18320 | Lair:3   | Identified the +3 double sword "Jeyjig" {pain, Str+2}
 18534 | Lair:2   | Found a staircase to the Swamp.
 18986 | Lair:2   | Found a staircase to the Snake Pit.
 20165 | Orc:1    | Entered Level 1 of the Orcish Mines
 20169 | Orc:1    | Reached skill level 15 in Fighting
 20412 | Orc:2    | Entered Level 2 of the Orcish Mines
 20413 | Orc:2    | Found Yjech's Antique Weapon Shop.
 20413 | Orc:2    | Found Mowkasch's Antique Armour Emporium.
 20557 | Orc:2    | Received a gift from Trog
 20565 | Orc:2    | Found Ziagixkierph's Magic Scroll Shoppe.
 20565 | Orc:2    | Found Wero's Weapon Shop.
 20573 | Orc:2    | Reached XP level 16. HP: 125/149 MP: 16/16
 20580 | Orc:2    | Bought a pair of runed boots for 195 gold pieces
 20597 | Orc:2    | Bought a scroll of blinking for 97 gold pieces
 20597 | Orc:2    | Bought a scroll of blinking for 97 gold pieces
 20597 | Orc:2    | Bought a scroll of teleportation for 39 gold pieces
 20597 | Orc:2    | Bought a scroll of teleportation for 39 gold pieces
 20597 | Orc:2    | Bought a scroll of poison for 52 gold pieces
 20644 | Orc:2    | Bought a scroll of brand weapon for 123 gold pieces
 20853 | Orc:2    | Found a staircase to the Elven Halls.
 20864 | Orc:2    | Noticed Jorgrun
 20878 | Orc:2    | Killed Jorgrun
 21308 | Orc:2    | Found Feguyst's Antique Weapon Emporium.
 21316 | Orc:2    | Bought a glimmering war axe for 238 gold pieces
 21316 | Orc:2    | Identified the +2 war axe of the Spinneret {holy, Int+4}
                  | (You bought it in a shop on level 2 of the Orcish Mines)
 22475 | D:14     | Reached skill level 10 in Shields
 22626 | D:15     | Entered Level 15 of the Dungeon
 23573 | D:15     | Found a staircase to the Depths.
 23967 | Snake:1  | Entered Level 1 of the Snake Pit
 24347 | Snake:3  | Received a gift from Trog
 24438 | Snake:4  | Entered Level 4 of the Snake Pit
 24438 | Snake:4  | Found a shadowy altar of Dithmenos.
 24610 | Snake:4  | Reached XP level 17. HP: 100/158 MP: 17/17
 24804 | Snake:4  | Reached skill level 15 in Axes
 25206 | Snake:4  | Noticed a quicksilver dragon
 25216 | Snake:4  | Killed a quicksilver dragon
 25327 | Snake:4  | Received a gift from Trog
 25445 | Snake:4  | Got a jade gem with 834 turns to spare
 25454 | Snake:4  | Got a serpentine rune of Zot
 26018 | Snake:3  | Found Qoil's Jewellery Boutique.
 26018 | Snake:3  | Found Poygoovu's Book Emporium.
 26019 | Snake:3  | Found Mubuex's Book Emporium.
 26034 | Snake:3  | Bought the ring of the Dropbear {rC+ rN+ Str+4 Stlth-} for
                  | 734 gold pieces
 26281 | Snake:3  | Reached skill level 5 in Shapeshifting
 26709 | Snake:3  | Noticed Vashnia
 26739 | Snake:3  | Killed Vashnia
 27030 | Snake:3  | Noticed Mara
 27031 | Snake:3  | Noticed Amplified's illusion
 27072 | Snake:3  | Killed from afar by Mara (illusionary)

Illustrated notes

Levels and vault maps discovered:
D:1:      reono_arrival_mine, layout_basic, minmay_misc_feat_rugged,
          grunt_decor_cap
D:2:      layout_basic
D:3:      layout_rooms, serial_shops, nicolae_shop_overgrown_old_shop,
          uniq_terence
D:4:      layout_loops_corners, temple_doors_ab
D:5:      layout_loops_ring, minitemple, minmay_crossroads
D:6:      minmay_chambers_of_fours, layout_cave_pods, kennysheep_little_box,
          fedhas_altar_3, water_boxes_lemuel
D:7:      layout_basic, mainiacjoe_overflow_divided_tiny, uniq_jeremiah,
          uniq_prince_ribbit1
D:8:      layout_rooms, uniq_erica, uniq_pikel, uniq_maggie
D:9:      layout_roguey, serial_shops, shop
D:10:     layout_basic, amethyst_overflow_temple_binary,
          mainiacjoe_overflow_cross_hatched, serial_shops, nicolae_shop_crystal,
          enter_bailey_5, uniq_grum
D:11:     layout_basic, minmay_lair_entry_lava, serial_co_window_serial,
          co_window_paths_a, co_window_paths_b, co_window_paths_b,
          co_window_paths_b, co_window_paths_b, co_window_corner_ca,
          co_window_corner_b, co_window_2corner, co_window_broadway_c,
          co_window_2corner, co_window_of_opportunity_b, co_window_sun
D:12:     layout_roguey, orc_0_dummy, amethyst_killhole,
          lemuel_zombie_altar_kikubaaqudgha
D:13:     layout_irregular_city, portal_ice_cave_entry_imps, uniq_kirke
D:14:     layout_gridville, erik_vaults_2, kennysheep_pointless_box,
          nemelex_diamond_rough_becter
D:15:     grunt_enter_depths_magical_seal, layout_rooms
Lair:1:   layout_loops_ring, infiniplex_staircase_pool
Lair:2:   layout_regular_city, minmay_swamp_entry_reptiles,
          alex1729_snake_entry_snake, lemuel_fruit_fields
Lair:3:   regret_index_combs_of_tragedy, layout_regular_city, ebering_ghost_xom,
          forest_entry_grove, uniq_fannar
Lair:4:   layout_cave_pods
Lair:5:   guppyfry_lair_end_dragon, layout_regular_city,
          hangedman_lair_caniforms_friends, slime_entry_1
Snake:1:  layout_chambers, uniq_mlioglotl, uniq_aizul, uniq_asterion
Snake:2:  layout_rooms, serial_shops, statue_bzr, nicolae_triple_integral
Snake:3:  cheibrodos_snake_ritualist_ritual, layout_cave_town,
          hangedman_snake_corridor_split, minmay_shop_grove, uniq_vashnia,
          uniq_mara
Snake:4:  hellmonk_snake_rune_quicksilver_temple, layout_basic, basic_altar
Orc:1:    layout_diamond_mine
Orc:2:    st_orc_ogre_mass, layout_caves, serial_shops, shop, basic_altar,
          uniq_jorgrun

Skill      XL: |  1  2  3  4  5  6  7  8  9 10 11 12 13 14 15 16 17 |
---------------+----------------------------------------------------+-----
Stealth        | 1 2 3 5 6 7 |  7.5
Dodging        | 3 4 5 6 7 8 |  8.6
Fighting       | 4 5 6 7 9 11 12 14 15 16 | 16.5
Throwing       | 1 2 3 4 5 6 |  6.7
Axes           | 4 6 9 11 14 16 | 16.0
Polearms       | 2 3 5 6 10 13 14 | 14.8
Shields        | 3 5 8 11 | 11.9
Shapeshifting  | 3 5 |  5.5

Action                     |  1- 3 |  4- 6 |  7- 9 | 10-12 | 13-15 | 16-18 || total
---------------------------+-------+-------+-------+-------+-------+-------++-------
  Melee: Hand axe          |   131 |   132 |       |       |       |       ||   263
         Tailslap          |    21 |    23 |    37 |    56 |   134 |   111 ||   382
         Punch             |       |     1 |     4 |     7 |       |       ||    12
         Trident           |       |     7 |   282 |   629 |   245 |       ||  1163
         Broad axe         |       |       |       |       |   540 |   680 ||  1220
  Throw: Dart              |       |     2 |     4 |     8 |     3 |     1 ||    18
 Invoke: Berserk           |       |     6 |     6 |    23 |     7 |    10 ||    52
         Trog's Hand       |       |     1 |     3 |    10 |    22 |    36 ||    72
         Brothers in Arms  |       |       |       |       |     2 |     1 ||     3
Ability: Breathe Lightning |       |       |       |       |       |     2 ||     2
  Evoke: Wand              |       |       |       |     8 |     6 |     3 ||    17
         Tin of tremorston |       |       |       |       |       |     4 ||     4
         Phial of floods   |       |       |       |       |       |     1 ||     1
    Use: Scroll            |     4 |     2 |     7 |    14 |    22 |     7 ||    56
         Potion            |       |     3 |     3 |     4 |     5 |     7 ||    22
   Stab: Sleeping          |     1 |     3 |    10 |    13 |    14 |    11 ||    52
         Distracted        |       |       |       |     2 |     3 |     4 ||     9
         Betrayed ally     |       |       |       |     2 |       |       ||     2
 Armour: Skin              |    70 |   104 |   322 |   505 |   475 |   291 ||  1767
  Dodge: Dodged            |    91 |    73 |   306 |   688 |   791 |   398 ||  2347
         Repelled          |       |       |       |       |     2 |    22 ||    24
  Block: Kite shield       |       |       |       |       |   545 |   388 ||   933
         Tower shield      |       |       |       |       |       |   239 ||   239
